 Dungeon Crawl Stone Soup version 0.24.0-10-g970556be89 (console) character file.

Game seed: 2037260958248983183, levelgen mode: deterministic

196 AlterAsc the Slasher (level 5, -1/32 HPs)
             Began as a Tengu Gladiator on Nov 3, 2019.
             Slain by a worker ant (3 damage)
             ... on level 4 of the Dungeon.
             The game lasted 00:06:40 (1934 turns).

AlterAsc the Slasher (Tengu Gladiator)              Turns: 1934, Time: 00:06:41

Health: -1/32      AC:  5    Str: 15    XL:     5   Next: 75%
Magic:  6/6        EV: 15    Int:  9    God:
Gold:   89         SH:  0    Dex: 15    Spells: 4/4 levels left

rFire    . . .     SeeInvis .   a - +0 long sword
rCold    . . .     Gourm    .   (no shield)
rNeg     . . .     Faith    .   s - +0 ring mail
rPois    .         Spirit   .   c - +0 hat
rElec    .         Reflect  .   (no cloak)
rCorr    .         Harm     .   (no gloves)
MR       .....                  (boots unavailable)
Stlth    +.........             (no amulet)
HPRegen  0.10/turn              (no ring)
MPRegen  0.10/turn              (no ring)

@: lethally poisoned (-1 -> -3), flying quickly and evasively, quick
A: beak, talons 3, able to fly
a: Stop Flying


You were on level 4 of the Dungeon.
You were not hungry.

You visited 1 branch of the dungeon, and saw 5 of its levels.

You collected 89 gold pieces.

Inventory:

Hand Weapons
 a - a +0 long sword (weapon)
 b - a +0 dagger of electrocution
 o - a +0 club
Missiles
 d - 3 throwing nets (quivered)
Armour
 c - a +0 hat (worn)
 n - a +0 leather armour
 q - a +0 chain mail
 s - a +0 ring mail (worn)
Wands
 r - a wand of digging (3)
Scrolls
 h - a scroll of enchant weapon {unknown}
 j - 4 scrolls of identify {unknown}
 k - a scroll of blinking {unknown}
 l - a scroll of remove curse {unknown}
 m - a scroll of magic mapping {unknown}
 p - a scroll of teleportation {unknown}
Potions
 e - 6 potions of curing {unknown}
 i - a potion of brilliance {unknown}
 t - a potion of lignification {unknown}
 u - a potion of resistance {unknown}
Comestibles
 f - 6 rations
 g - 2 chunks of flesh


   Skills:
 + Level 3.0 Fighting
 * Level 4.9 Long Blades
 - Level 2.1 Throwing
 + Level 2.1 Armour
 + Level 4.2 Dodging


You had 4 spell levels left.
You didn't know any spells.
Your spell library was empty.

Dungeon Overview and Level Annotations

Branches:
Dungeon (5/15)
 Temple: D:4-7

Altars:
Fedhas

Annotations:
D:2 Sigmund


Innate Abilities, Weirdness & Mutations

You have a beak for a mouth.
You have claws for feet.
You can fly continuously.


Message History

The orc wizard flickers and vanishes!
You feel sick. Something barely misses you.
You see here 12 gold pieces.
Something hits you but does no damage.
You feel sick.
A puff of frost appears from out of thin air!
The puff of frost hits you.
* * * LOW HITPOINT WARNING * * *
Found a sapphire potion.
A worker ant comes into view.
A centaur comes into view.
The centaur shouts!
The worker ant twitches its antennae in your direction.
The centaur hits something.
The centaur hits something!
The worker ant misses you.
Found a blossoming altar of Fedhas.
* * * LOW HITPOINT WARNING * * *
You feel sick.
The centaur wields a +0 shortbow.
The centaur shoots an arrow.
The arrow barely misses you. The worker ant bites you.
You die...
P .## .PPP .... #PP_PP

# <.... .P.PcP.#
.....##P.PPP.
........... #...#.#
#...@a# ..###
.#...#.#+### #.#..
...!......l..# #.#.#
.............# #.#.#
.............#######.#.#
........##....z...zs....
........ ###...$......o.
....#### #............
... #............


You could see a centaur, a worker ant, a wight and a frilled lizard.

Vanquished Creatures
  Natasha (D:2)
  Terence (D:3)
  4 gnolls (D:3)
  4 adders
  An ooze (D:1)
  A dart slug (D:1)
  3 leopard geckos (D:1)
  2 orcs (D:3)
  3 giant cockroaches
  6 goblins
  9 hobgoblins
  4 jackals (D:2)
  A quokka (D:2)
  A ball python (D:1)
  5 bats
  5 frilled lizards
  6 kobolds
  6 rats
63 creatures vanquished.

Notes
Turn   | Place    | Note
-------+----------+-------------------------------------------
     0 | D:1      | AlterAsc the Tengu Gladiator began the quest for the Orb.
     0 | D:1      | Reached XP level 1. HP: 12/12 MP: 2/2
   107 | D:1      | Reached XP level 2. HP: 13/17 MP: 3/3
   275 | D:1      | Reached XP level 3. HP: 14/22 MP: 4/4
   728 | D:1      | Reached skill level 1 in Armour
   985 | D:2      | Noticed Natasha
   992 | D:2      | Killed Natasha
   992 | D:2      | Reached XP level 4. HP: 17/27 MP: 5/5
  1175 | D:2      | Noticed Sigmund
  1219 | D:3      | Gained mutation: You can fly continuously. [Tengu growth]
  1219 | D:3      | Reached XP level 5. HP: 25/32 MP: 6/6
  1610 | D:3      | Noticed Terence
  1629 | D:3      | Killed Terence
  1866 | D:3      | You are sucked into a shaft and drop 2 floors!
  1866 | D:5      | Entered Level 5 of the Dungeon
  1933 | D:4      | Found a blossoming altar of Fedhas.
  1933 | D:4      | Noticed a centaur
  1934 | D:4      | Slain by a worker ant

Levels and vault maps discovered:
D:1:      tarquinn_simple_flora_water_e, layout_loops_ring, minmay_tripent
D:2:      layout_loops_ring, uniq_sigmund, uniq_natasha, uniq_jessica
D:3:      layout_loops_ring, uniq_terence, uniq_crazy_yiuf_cottage
D:4:      layout_basic, fedhas_bush_and_centaur_altar
D:5:      layout_basic, nicolae_ru_path_of_blood, first_ration, serial_shops,
          shop_coins

Skill      XL: |  1  2  3  4  5 |
---------------+----------------+-----
Armour         | 1 2 |  2.1
Long Blades    | 4 |  4.9
Dodging        | 4 |  4.2
Fighting       | 3 |  3.0
Throwing       | |  2.1

Action                   |  1- 3 |  4- 6 || total
-------------------------+-------+-------++-------
Melee: Long sword        |    46 |    24 ||    70
       Peck              |    11 |     9 ||    20
       Kick              |    18 |    19 ||    37
       Dagger            |    42 |    31 ||    73
 Abil: Fly               |       |     1 ||     1
 Stab: Sleeping          |     1 |       ||     1
  Eat: Chunk             |       |     3 ||     3
Armor: Leather armour    |    24 |     4 ||    28
       Ring mail         |       |     5 ||     5
Dodge: Dodged            |    69 |    52 ||   121
       Rpst.: Long sword |    12 |     9 ||    21
